 Dungeon Crawl Stone Soup version 0.18.1-50-g88ac8fd (webtiles) character file.

7129 Chiseanne the Thaumaturge (level 10, -6/77 HPs)
             Began as a Centaur Air Elementalist on Oct 4, 2016.
             Was an Initiate of Gozag.
             Mangled by a yak (15 damage)
             ... on level 9 of the Dungeon.
             The game lasted 00:41:31 (16290 turns).

Chiseanne the Thaumaturge (CeAE)                   Turns: 16290, Time: 00:41:32

Health: -6/77      AC:  9    Str:  6    XL:     10   Next: 85%
Magic:  12/25      EV:  9    Int: 25    God:    Gozag
Gold:   528        SH:  0    Dex: 11    Spells: 3 memorised, 25 levels left

rFire  . . .     SeeInvis .     a - +11 mace "Xuuf" {flame, rN++ Str-4 Int+8}
rCold  . . .     Gourm    .     z - +1 robe {Archmagi}
rNeg   + + .     Faith    .     (no shield)
rPois  +         Spirit   .     y - +2 hat
rElec  .         Dismiss  .     (no cloak)
rCorr  .         Reflect  .     v - +1 pair of gloves
SustAt .         Harm     .     (no barding)
MR     .....                    L - amulet of magic regeneration
Stlth  +.........               (no ring)
                                l - ring of poison resistance

@: repel missiles, very quick, not resistant to hostile enchantments, very
unstealthy
A: hooves 3, deformed body, speed 2, tough skin 3
a: Potion Petition, Call Merchant, Bribe Branch, Renounce Religion


You were on level 9 of the Dungeon.
You worshipped Gozag.
Gozag was noncommittal.
You were not hungry.

You visited 2 branches of the dungeon, and saw 11 of its levels.
You also visited: Ossuary.

You collected 1471 gold pieces.
You paid 943 gold pieces to Gozag.

Inventory:

Hand Weapons
 a - the +11 mace "Xuuf" (weapon) {flame, rN++ Str-4 Int+8}
   (You took it off an orc wizard on level 5 of the Dungeon)

   It has been specially enchanted to burn those struck by it, causing extra
   injury to most foes and up to half again as much damage against particularly
   susceptible opponents.
   It affects your strength (-4).
   It affects your intelligence (+8).
   It greatly protects you from negative energy.
 d - a +2 mace of protection
 s - a +2 dagger of venom
 E - a +2 hand axe of freezing
 M - a +0 hand axe of flaming
 N - a +0 blowgun
Missiles
 f - 96 bolts
 o - 20 poisoned needles
 p - 5 needles of sleeping
 q - a throwing net
 t - 158 arrows
 u - 60 sling bullets
 w - 281 stones (quivered)
 x - 2 tomahawks
 C - 8 javelins
 H - 6 tomahawks of returning
 R - 3 curare-tipped needles
Armour
 v - a +1 pair of gloves (worn)
 y - a +2 hat (worn)
 z - a +1 robe of the Archmagi (worn)
 B - the +1 robe "Pibirown" {Dex+5}
   (You found it on level 4 of the Dungeon)

   It affects your dexterity (+5).
Jewellery
 k - an uncursed ring of ice
 l - a ring of poison resistance (left hand)
 L - an amulet of magic regeneration (around neck)
Wands
 i - a wand of digging (21/24)
 F - a wand of digging (0/24)
 P - a wand of iceblast (8/15)
Scrolls
 e - 7 scrolls of amnesia
 g - 2 scrolls of recharging
 j - 3 scrolls of remove curse
 D - 4 scrolls of teleportation
 I - a scroll of blinking
 K - a scroll of fear
 S - a scroll of identify
Potions
 h - a potion of ambrosia
 m - 4 potions of curing
 A - 2 potions of might
 G - a potion of lignification
 J - a potion of brilliance
 O - a potion of heal wounds
 Q - a potion of haste
Books
 b - a book of Air

   Spells                             Type                      Level
   a - Shock                          Conjuration/Air              1
   b - Swiftness                      Charms/Air                   2
   c - Repel Missiles                 Charms/Air                   2
   d - Static Discharge               Conjuration/Air              3
   e - Lightning Bolt                 Conjuration/Air              5
Comestibles
 c - 2 bread rations
 n - 6 royal jellies
 r - 4 meat rations


   Skills:
 - Level 3.0 Fighting
 - Level 1.3 Dodging
 - Level 1.2 Stealth
 * Level 11.3 Spellcasting
 - Level 4.7 Conjurations
 - Level 5.5 Air Magic


You had 25 spell levels left.
You knew the following spells:

 Your Spells              Type           Power        Failure   Level  Hunger
a - Shock                 Conj/Air       ####         1%          1    None
b - Static Discharge      Conj/Air       ######..     1%          3    None
c - Repel Missiles        Chrm/Air       #####.       1%          2    None


Dungeon Overview and Level Annotations

Branches:
Dungeon (10/15)            Temple (1/1) D:7             Orc (0/2) D:10
   Lair: D:8-11

Altars:
Ashenzari
Cheibriados
Dithmenos
Elyvilon
Fedhas
Gozag
Kikubaaqudgha
Makhleb
Nemelex Xobeh
Okawaru
Pakellas
Qazlal
Ru
Sif Muna
Trog
Vehumet
Xom
Yredelemnul
Zin
The Shining One

Shops:
D:9 =

Annotations:
D:4 Chiseanne's ghost, amateur CeAE


Innate Abilities, Weirdness & Mutations

You have hooves in place of feet.
Armour fits poorly on your strangely shaped body.
You cover ground very quickly.
You have extremely tough skin (AC +3).


Message History

The yak is moderately wounded.
The lightning arcs!
You are struck by lightning.
The lightning arcs!
The yak is struck by lightning.
The yak is heavily wounded.
The lightning arcs!
You are struck by lightning.
The lightning grounds out.
The yak gores you!
* * * LOW HITPOINT WARNING * * *
Casting: Static Discharge
Confirm with . or Enter, or press ? or * to list all spells.
You feel a surge of power!
The yak is struck by lightning.
The yak is heavily wounded.
The lightning arcs!
You are struck by lightning.
* * * LOW HITPOINT WARNING * * *
The lightning arcs!
The yak is struck by lightning.
The yak is severely wounded.
The lightning arcs!
You are struck by lightning.
* * * LOW HITPOINT WARNING * * *
The lightning grounds out.
The yak gores you!
You die...
Your body crumbles into a pile of gold.

...............######.....#._.#..
...........................#.#..#
............................#...#
................................#
............................#####
...........................##
...........................#
...........................#
...............Y@...<......######
.................................
<................................
.####....................###.....
.# #...######.#######...# #.....
.# #...# #.# #...###..... .#
#...######.# #...........
.####..........# #...........
...............#######........###


You could see a yak.

Vanquished Creatures
  A hill giant (D:10)
  Joseph (D:7)
  A troll (D:10)
  A two-headed ogre (D:8)
  A queen bee (D:8)
  5 yaks (D:10)
  A hippogriff (D:7)
  A water moccasin (D:8)
  4 sky beasts
  An orc warrior (D:7)
  2 ogres
  2 ice beasts
  A wolf (D:10)
  A necrophage (D:6)
  4 centaurs
  A crocodile (D:9)
  4 giant frogs
  A wyvern zombie (D:8)
  A wyvern skeleton (D:6)
  14 killer bees
  5 howler monkeys
  2 crimson imps
  4 centaur zombies
  2 giant frog zombies
  A quasit (D:10)
  A centaur skeleton (D:4)
  7 hounds
  4 jellies
  2 human zombies (Ossuary)
  Crazy Yiuf (D:7)
  3 giant frog skeletons
  9 orc priests
  13 orc wizards
  An iguana (D:7)
  8 worker ants
  2 ogre zombies (Ossuary)
  A hound skeleton (D:7)
  7 mummies (Ossuary)
  3 worker ant zombies
  2 howler monkey skeletons
  12 adders
  9 gnolls
  A shadow imp (D:9)
  6 adder zombies (Ossuary)
  2 worms (D:3)
  3 dart slugs
  5 giant geckos
  50 orcs
  6 giant cockroaches
  2 gnoll zombies (Ossuary)
  8 hobgoblins
  10 jackals
  6 quokkas
  3 ball pythons
  7 bats
  5 giant newts
  7 goblins
  2 goblin zombies (Ossuary)
  4 hobgoblin zombies (Ossuary)
  12 kobolds
  2 kobold zombies (Ossuary)
  2 quokka skeletons
  6 quokka zombies (Ossuary)
  13 rats
  A rat zombie (Ossuary)
310 creatures vanquished.

Notes
Turn   | Place    | Note
--------------------------------------------------------------
     0 | D:1      | Chiseanne the Centaur Air Elementalist began the quest for the Orb.
     0 | D:1      | Reached XP level 1. HP: 14/14 MP: 3/3
    81 | D:1      | Reached skill level 1 in Conjurations
   109 | D:1      | Reached XP level 2. HP: 20/20 MP: 0/4
   653 | D:1      | Reached skill level 2 in Spellcasting
   788 | D:1      | Reached XP level 3. HP: 26/26 MP: 2/6
  1228 | D:2      | Found a glowing silver altar of Zin.
  1347 | D:2      | Found a faded altar to an unknown god.
  1464 | D:2      | Learned a level 3 spell: Static Discharge
  1467 | D:2      | Learned a level 2 spell: Repel Missiles
  1852 | D:2      | Reached skill level 1 in Fighting
  2489 | D:2      | Reached XP level 4. HP: 35/35 MP: 4/7
  3862 | D:3      | Reached XP level 5. HP: 37/45 MP: 0/8
  5468 | D:4      | Got a creamy pearl robe
  5473 | D:4      | Identified the cursed +1 robe "Pibirown" {Dex+5} (You found it on level 4 of the Dungeon)
  5528 | D:4      | Reached XP level 6. HP: 47/51 MP: 5/9
  5563 | D:4      | Noticed Chiseanne's ghost (amateur CeAE)
  6572 | D:4      | Reached skill level 3 in Spellcasting
  6742 | D:5      | Entered Level 5 of the Dungeon
  7005 | D:5      | Reached XP level 7. HP: 22/57 MP: 5/11
  7287 | D:5      | Got a steaming mace {flame}
  7595 | D:5      | Identified the +11 mace "Xuuf" {flame, rN++ Str-4 Int+8} (You took it off an orc wizard on level 5 of the Dungeon)
  8032 | D:6      | Reached skill level 5 in Air Magic
  8532 | D:6      | Reached XP level 8. HP: 59/63 MP: 5/13
  8597 | D:6      | Reached skill level 4 in Spellcasting
  8669 | D:6      | Found a sand-covered staircase.
  8686 | Ossuary  | Entered an ossuary
  9315 | Ossuary  | Reached skill level 5 in Spellcasting
  9703 | D:6      | Reached skill level 6 in Spellcasting
 10263 | D:7      | Reached XP level 9. HP: 66/69 MP: 11/18
 10342 | D:7      | Noticed Joseph
 10354 | D:7      | Killed Joseph
 10354 | D:7      | Reached skill level 7 in Spellcasting
 10618 | D:7      | Noticed Crazy Yiuf
 10623 | D:7      | Killed Crazy Yiuf
 10685 | D:7      | Found a staircase to the Ecumenical Temple.
 10696 | Temple   | Entered the Ecumenical Temple
 10756 | Temple   | Became a worshipper of Gozag Ym Sagoz the Greedy
 11027 | D:7      | Reached skill level 8 in Spellcasting
 11552 | D:8      | Noticed a queen bee
 11684 | D:8      | Killed a queen bee
 11690 | D:7      | HP: 3/69 [killer bee (9)]
 12012 | D:8      | Reached skill level 9 in Spellcasting
 12661 | D:8      | Reached XP level 10. HP: 58/77 MP: 6/23
 13350 | D:8      | Found a shattered altar of Ashenzari.
 13770 | D:9      | Reached skill level 10 in Spellcasting
 14069 | D:9      | Found an iron altar of Okawaru.
 14401 | D:10     | Entered Level 10 of the Dungeon
 14401 | D:10     | Found a staircase to the Orcish Mines.
 14960 | D:10     | Noticed a gargoyle
 15308 | D:10     | Noticed a hill giant
 15356 | D:10     | Killed a hill giant
 15488 | D:10     | Reached skill level 11 in Spellcasting
 16290 | D:9      | Mangled by a yak

Skill      XL: |  1  2  3  4  5  6  7  8  9 10 |
---------------+-------------------------------+-----
Conjurations   | 1 2 3 4 |  4.7
Air Magic      | 3 4 5 |  5.5
Spellcasting   | 2 3 6 9 11 | 11.3
Fighting       | 1 3 |  3.0
Dodging        | |  1.3
Stealth        | |  1.2

Action                   |  1- 3 |  4- 6 |  7- 9 | 10-12 || total
-------------------------+-------+-------+-------+-------++-------
Melee: Spear             |    30 |       |       |       ||    30
       Kick              |     9 |    22 |    35 |     7 ||    73
       Hand axe          |    50 |    25 |       |       ||    75
       Dagger            |       |    77 |    25 |       ||   102
       Mace              |       |       |   168 |    61 ||   229
 Cast: Shock             |    66 |   155 |   110 |    91 ||   422
       Repel Missiles    |     1 |     1 |     1 |       ||     3
       Static Discharge  |       |       |    69 |    51 ||   120
Invok: Call Merchant     |       |       |       |     1 ||     1
Evoke: Wand              |       |       |       |     4 ||     4
  Use: Scroll            |     6 |     8 |    10 |     1 ||    25
       Potion            |       |     1 |     5 |       ||     6
 Stab: Sleeping          |       |     1 |     1 |       ||     2
  Eat: Chunk             |     5 |    13 |    11 |       ||    29
       Beef jerky        |       |       |     1 |       ||     1
       Pizza             |       |       |     2 |       ||     2
       Royal jelly       |       |       |     3 |     4 ||     7
Armor: Robe              |    62 |    52 |   112 |    55 ||   281
Dodge: Dodged            |    40 |    67 |   166 |    62 ||   335
       Deflected         |       |     2 |     2 |     3 ||     7
